 Dungeon Crawl Stone Soup version 0.27.1-1-g398f81649c (webtiles) character file.

Game seed: 14427554946389528967

9205 Rickety the Basher (level 11, -2/95 HPs)
             Began as a Minotaur Berserker on Sept 16, 2021.
             Was an Elder of Trog.
             Succumbed to a cane toad's poison
             ... on level 1 of the Lair of Beasts.
             The game lasted 00:20:31 (9174 turns).

Rickety the Basher (Minotaur Berserker)             Turns: 9174, Time: 00:20:31

Health: -2/95      AC: 23    Str: 25    XL:     11   Next: 20%
Magic:  10/10      EV:  8    Int:  4    God:    Trog [****..]
Gold:   1501       SH:  7    Dex: 10    Spells: 10/10 levels left

rFire    . . .     SeeInvis .   P - +0 scimitar (flame)
rCold    . . .     Faith    .   L - +2 buckler
rNeg     . . .     Spirit   .   N - +0 plate armour
rPois    .         Reflect  .   R - +2 hat
rElec    .         Harm     .   t - +0 cloak
rCorr    .         Rampage  .   (no gloves)
Will     +++..                  C - +0 pair of boots
Stlth    ..........             y - amulet of the acrobat
HPRegen  1.25/turn              g - +4 ring of protection
MPRegen  0.12/turn              i - ring of willpower

@: lethally poisoned (-2 -> -8), strong-willed, regenerating
A: horns 2, retaliatory headbutt
a: Renounce Religion, Berserk, Trog's Hand, Brothers in Arms


You were on level 1 of the Lair of Beasts.
You worshipped Trog.
Trog was greatly pleased with you.
You visited 2 branches of the dungeon, and saw 9 of its levels.
You also visited: Ossuary.

You collected 1658 gold pieces.
You spent 157 gold pieces at shops.

Inventory:

Hand Weapons
 a - a +0 hand axe
 k - a +0 hand axe of draining
 p - a +2 whip of venom
 P - a +0 scimitar of flaming (weapon)
 Q - the +7 rapier "Gram" {flame, rPois rF- Dex+3}
   (You found it on level 8 of the Dungeon)

   It burns those it strikes, dealing additional fire damage.
   Dex:       It affects your dexterity (+3).
   rF:        It makes you vulnerable to fire.
   rPois:     It protects you from poison.
Missiles
 G - 3 throwing nets (quivered)
 O - 20 poisoned darts
Armour
 l - a +0 chain mail
 t - a +0 cloak (worn)
 C - a +0 pair of boots (worn)
 L - a +2 buckler (worn)
 N - a +0 plate armour (worn)
 R - a +2 hat (worn)
Jewellery
 g - a +4 ring of protection (left hand)
 i - a ring of willpower (right hand)
 y - an amulet of the acrobat (around neck)
 M - a ring of protection from fire
Wands
 j - a wand of digging (13)
 s - a wand of paralysis (13)
 K - a wand of iceblast (11)
Scrolls
 f - a scroll of holy word {unknown}
 h - 6 scrolls of identify
 m - 2 scrolls of summoning
 n - 3 scrolls of acquirement
 q - 4 scrolls of enchant armour
 r - a scroll of magic mapping
 u - a scroll of torment {unknown}
 v - a scroll of fear {unknown}
 z - a scroll of fog
 E - a scroll of blinking
 F - 2 scrolls of immolation
 H - a scroll of noise {unknown}
 I - a scroll of teleportation
 J - a scroll of vulnerability
Potions
 b - a potion of might {unknown}
 c - 4 potions of heal wounds
 d - 5 potions of curing
 e - a potion of mutation {unknown}
 o - a potion of lignification {unknown}
 w - a potion of haste {unknown}
 x - a potion of flight {unknown}
 A - a potion of experience {unknown}
 B - a potion of cancellation {unknown}
 D - 2 potions of resistance


   Skills:
 + Level 8.3 Fighting
 + Level 5.8(9.1) Axes
 + Level 10.8(11.4) Maces & Flails
 + Level 10.7 Armour
 + Level 3.8 Dodging
 + Level 1.1 Stealth
 + Level 5.4 Shields
 * Level 7.0 Evocations


You had 10 spell levels left.
You didn't know any spells.
Your spell library was empty.

Dungeon Overview and Level Annotations

Branches:
Dungeon (8/15)             Temple (0/1) D:4            Lair (1/6) D:8
Ossuary (visited)

Altars:
Qazlal

Shops:
D:3 =*?!*   D:8 *


Innate Abilities, Weirdness & Mutations

You have a pair of horns on your head.
You reflexively headbutt those who attack you in melee.


Message History

The three-headed hydra bites you. x2
The three-headed hydra bites you but does no damage.
You barely miss the three-headed hydra. You headbutt the three-headed hydra!
The three-headed hydra is heavily wounded.
The cane toad stings you!
The three-headed hydra barely misses you.
You furiously retaliate!
You headbutt the three-headed hydra.
You riposte.
You hit the three-headed hydra. You burn the three-headed hydra.
You headbutt the three-headed hydra.
The three-headed hydra is severely wounded.
You block the three-headed hydra's attack.
The three-headed hydra bites you but does no damage.
You block the cane toad's attack.
You chop one of the three-headed hydra's heads off!
The flame cauterises the wound!
You hit the two-headed hydra. You burn the two-headed hydra.
You headbutt the two-headed hydra!
The two-headed hydra is almost dead.
The two-headed hydra bites you.
You block the two-headed hydra's attack.
The cane toad stings you. The two-headed hydra bites you.
The two-headed hydra bites you!
* * * LOW HITPOINT WARNING * * *
Your skin crawls.
You feel strong-willed.
The cane toad stings you but does no damage.
The two-headed hydra bites you but does no damage. x2
The cane toad stings you!
* * * LOW HITPOINT WARNING * * *
You are lethally poisoned!
The cane toad poisons you!
* * * LOW HITPOINT WARNING * * *
You feel very sick.
Blink to where?
Press: ? - help, Dir - move target
As you read the scroll of blinking, it crumbles to dust.
* * * LOW HITPOINT WARNING * * *
You feel very sick.
Your skin crawls.
You feel strong-willed.
You die...

#...# #######FD.#
..........######
.>..............
................
.###.##....#### ## ##...##
#...P# #@^..# ##...##
#....## ##....# #...## ##
#†>.# ####.####...## #####
............P#####.#.#####
..........................


You could see a two-headed hydra and a cane toad.

Vanquished Creatures
  Gastronok (D:8)
  Erica (D:8)
  A catoblepas (D:8)
  A cane toad (Lair:1)
  Grinder (D:3)
  2 wyverns (Lair:1)
  9 yaks
  A steam dragon (D:7)
  2 water moccasins
  3 orc warriors
  3 sky beasts
  A black bear (D:7)
  An ice beast (D:5)
  3 necrophages
  2 ogres
  A hornet zombie (D:6)
  A centaur (D:6)
  2 kobold brigands (D:8)
  3 gnoll sergeants
  A scorpion (D:6)
  12 killer bees
  8 wights (D:8)
  4 centaur zombies
  A jelly (D:5)
  7 orc priests
  A gnoll shaman (D:5)
  4 hounds
  A centaur skeleton (D:7)
  A scorpion zombie (D:5)
  Terence (D:2)
  6 orc wizards
  A killer bee zombie (D:8)
  A hound zombie (D:5)
  4 mummies (Ossuary)
  A howler monkey zombie (D:6)
  6 adders
  15 gnolls
  3 white imps
  An ufetubus (D:6)
  An adder skeleton (D:4)
  2 worms (D:2)
  2 dart slugs
  22 orcs
  8 bats
  5 endoplasms
  3 giant cockroaches
  7 goblins
  6 hobgoblins
  2 jackals (D:1)
  4 quokkas
  12 ball pythons
  2 frilled lizards
  3 hobgoblin zombies (Ossuary)
  14 kobolds
  6 rats
217 creatures vanquished.

Vanquished Creatures (collateral kills)
  A cyclops (D:8)
  An efreet (D:8)
2 creatures vanquished.

Vanquished Creatures (others)
  2 plants (D:3)
2 creatures vanquished.

Grand Total: 221 creatures vanquished

Notes
Turn   | Place    | Note
-------+----------+-------------------------------------------
     0 | D:1      | Rickety the Minotaur Berserker began the quest for the Orb.
     0 | D:1      | Reached XP level 1. HP: 19/19 MP: 0/0
    46 | D:1      | Reached XP level 2. HP: 10/27 MP: 1/1
   433 | D:1      | Reached ** piety under Trog
   543 | D:1      | Reached XP level 3. HP: 27/33 MP: 2/2
  1023 | D:2      | Found a faded altar of an unknown god.
  1073 | D:2      | Noticed Terence
  1085 | D:2      | Killed Terence
  1086 | D:2      | Reached skill level 5 in Axes
  1086 | D:2      | Reached XP level 4. HP: 25/38 MP: 3/3
  1897 | D:3      | Found Xemi's General Store.
  1944 | D:3      | Found Ywierch's Magic Scroll Emporium.
  2095 | D:3      | Bought a scroll of enchant armour for 75 gold pieces
  2141 | D:3      | Found Odul's Jewellery Shop.
  2257 | D:3      | Found Apekla's Distillery.
  2268 | D:3      | Noticed Grinder
  2289 | D:3      | Killed Grinder
  2290 | D:3      | Reached skill level 5 in Fighting
  2290 | D:3      | Reached skill level 1 in Evocations
  2290 | D:3      | Reached XP level 5. HP: 43/48 MP: 4/4
  2290 | D:3      | Reached XP level 6. HP: 50/56 MP: 5/5
  2301 | D:3      | Found Realej's Assorted Antiques.
  3073 | D:4      | Found a staircase to the Ecumenical Temple.
  3207 | D:4      | Found a sand-covered staircase.
  3212 | Ossuary  | Entered an ossuary
  3253 | Ossuary  | Reached XP level 7. HP: 59/61 MP: 6/6
  3272 | Ossuary  | Reached *** piety under Trog
  4109 | D:5      | Entered Level 5 of the Dungeon
  4388 | D:5      | Reached skill level 5 in Armour
  4497 | D:5      | Reached skill level 5 in Maces & Flails
  4512 | D:5      | Reached skill level 1 in Shields
  4692 | D:5      | Reached XP level 8. HP: 69/69 MP: 7/7
  5269 | D:6      | Identified 4 scrolls of acquirement
  5269 | D:6      | Acquired 1139 gold pieces
  5926 | D:6      | Reached XP level 9. HP: 62/75 MP: 8/8
  6421 | D:7      | Reached skill level 5 in Evocations
  7013 | D:8      | Noticed Erica
  7024 | D:8      | Killed Erica
  7214 | D:8      | Identified the +7 rapier "Gram" {flame, rPois rF- Dex+3}
  7216 | D:8      | Found a stormy altar of Qazlal.
  7436 | D:8      | Reached XP level 10. HP: 86/86 MP: 9/9
  7477 | D:8      | Found Biarghel's Bounteous Boutique.
  7496 | D:8      | Reached **** piety under Trog
  7515 | D:8      | Bought a scroll of blinking for 82 gold pieces
  7638 | D:8      | Found a staircase to the Lair.
  7897 | D:8      | Noticed Gastronok
  7914 | D:8      | Killed Gastronok
  7915 | D:8      | Reached skill level 1 in Stealth
  7999 | D:8      | Reached skill level 10 in Maces & Flails
  8004 | D:8      | Reached skill level 5 in Shields
  8150 | D:8      | Reached skill level 10 in Armour
  8152 | D:8      | Noticed a catoblepas
  8158 | D:8      | Noticed a cyclops
  8189 | D:8      | Killed a catoblepas
  8218 | D:8      | Killed a cyclops
  8219 | D:8      | Reached XP level 11. HP: 36/94 MP: 10/10
  8825 | Lair:1   | Entered Level 1 of the Lair of Beasts
  9158 | Lair:1   | Noticed a four-headed hydra
  9172 | Lair:1   | HP: 4/95 [poisoned by a cane toad]
  9173 | Lair:1   | HP: 1/95 [poisoned by a cane toad]
  9174 | Lair:1   | Succumbed to a cane toad's poison

Illustrated notes

Levels and vault maps discovered:
D:1:      amcnicky_arrival_feature_with_door, layout_loops_ring, st_stairs_4
D:2:      layout_basic, shapermc_ecumenical_altar_rom_forum, uniq_terence
D:3:      layout_loops_ring, serial_shops, nicolae_shop_overgrown_old_shop,
          shop, nicolae_shop_waterfront, shop, shop, chequers_big_river,
          uniq_grinder
D:4:      layout_basic, minmay_temple_entry_offerings, enter_ossuary_2
D:5:      layout_basic
D:6:      layout_basic
D:7:      layout_rooms
D:8:      minmay_slanted_spiral_squares, layout_basic, amcnicky_altar_gilded,
          lair_entry_dummy, nicolae_alphabet_shops, uniq_erica, uniq_gastronok
Lair:1:   layout_long_grid, patterned_corridor

Skill      XL: |  1  2  3  4  5  6  7  8  9 10 11 |
---------------+----------------------------------+-----
Axes           | 4 5 |  5.8
Fighting       | 4 5 6 7 8 |  8.3
Maces & Flails | 2 3 5 7 8 10 | 10.8
Armour         | 3 4 5 7 8 10 | 10.7
Evocations     | 1 2 4 5 6 7 |  7.0
Dodging        | 3 |  3.8
Shields        | 1 2 3 5 |  5.4
Stealth        | 1 |  1.1

Action                   |  1- 3 |  4- 6 |  7- 9 | 10-12 || total
-------------------------+-------+-------+-------+-------++-------
Melee: Hand axe          |    63 |    11 |       |       ||    74
       Headbutt          |    15 |    32 |    76 |    63 ||   186
       Whip              |       |   100 |   344 |   218 ||   662
       Scimitar          |       |       |       |     8 ||     8
Invok: Trog's Hand       |     1 |     2 |     6 |     4 ||    13
       Berserk           |       |       |     6 |     2 ||     8
       Brothers in Arms  |       |       |       |     1 ||     1
  Use: Scroll            |       |       |     8 |     2 ||    10
       Potion            |       |       |       |     1 ||     1
Armor: Animal skin       |    14 |       |       |       ||    14
       Chain mail        |       |    66 |   120 |       ||   186
       Plate armour      |       |       |    30 |    79 ||   109
Dodge: Dodged            |    47 |    42 |   132 |    72 ||   293
Block: Buckler           |       |     7 |    52 |    47 ||   106
       Rpst.: Scimitar   |       |       |       |     1 ||     1
